 Dungeon Crawl Stone Soup version 0.28-a0-479-g5baa6b73be (webtiles) character file.

Game seed: 12947208213918616864

125 Shayle the Skirmisher (level 5, 0/55 HPs)
             Began as an Ogre Warper on Sept 18, 2021.
             Slain by an orc (1 damage)
             ... on level 3 of the Dungeon.
             The game lasted 00:05:27 (3250 turns).

Shayle the Skirmisher (Ogre Warper)                 Turns: 3250, Time: 00:05:28

Health: 0/55       AC:  3    Str: 15    XL:     5   Next: 9%
Magic:  10/10      EV:  9    Int: 15    God:
Gold:   54         SH:  0    Dex:  8    Spells: 6/11 levels left

rFire   . . .      SeeInvis .   f - +0 whip (venom)
rCold   . . .      Faith    .   (no shield)
rNeg    . . .      Spirit   .   b - +0 robe
rPois   .          Reflect  .   (helmet restricted)
rElec   .          Harm     .   (no cloak)
rCorr   .          Rampage  .   (gloves unavailable)
Will    .....                   (boots unavailable)
Stlth   +.........              (no amulet)
HPRegen 0.18/turn               (no ring)
MPRegen 0.12/turn               (no ring)

@: attractive
A: large, unfitting armour, tough skin 1
a: no special abilities


You were on level 3 of the Dungeon.
You visited 1 branch of the dungeon, and saw 3 of its levels.

You collected 54 gold pieces.

Inventory:

Hand Weapons
 a - a +0 spear
 f - a +0 whip of venom (weapon)
 k - a +4 falchion of holy wrath
Missiles
 d - 5 boomerangs of dispersal (quivered)
Armour
 b - a +0 robe (worn)
Wands
 j - a wand of polymorph (9)
Scrolls
 c - a scroll of blinking
 e - 2 scrolls of teleportation {unknown}
 h - a scroll of magic mapping {unknown}
 i - a scroll of identify {unknown}
Potions
 g - a potion of attraction
 l - a potion of heal wounds {unknown}


   Skills:
 + Level 4.4 Fighting
 + Level 3.3 Polearms
 - Level 1.0 Throwing
 - Level 2.1 Dodging
 + Level 3.8 Spellcasting
 - Level 2.6 Translocations


You had 6 spell levels left.
You knew the following spells:

 Your Spells              Type           Power      Damage    Failure   Level
a - Blink                 Tloc           N/A        N/A       10%         2
b - Teleport Other        Tloc           10%        N/A       19%         3

Your spell library contained the following spells:

 Spells                   Type           Power      Damage    Failure   Level
 Gell's Gravitas          Tloc           5%         N/A       19%         3
 Lesser Beckoning         Tloc           10%        N/A       19%         3
 Slow                     Hex            2%         N/A       28%         2
 Confusing Touch          Hex            2%         N/A       50%         3
 Manifold Assault         Tloc           10%        N/A       86%         5
 Yara's Violent Unravell  Hex/Tmut       1%         3d3       99%         5


Dungeon Overview and Level Annotations

Branches:
Dungeon (3/15)

Altars:

Annotations:
D:2 1 runed translucent door, Crazy Yiuf


Innate Abilities, Weirdness & Mutations

You are too large for most types of armour.
You have tough skin. (AC +1)


Message History

The orc priest invokes the aid of Beogh against you.
Beogh smites you!
The orc priest hits you with a +0 flail.
You hit the orc priest.
The orc priest is poisoned.
The orc priest is lightly wounded.
You hit the orc.
The orc is poisoned.
The orc is heavily wounded.
You closely miss the orc priest.
The orc priest is lightly wounded.
The orc hits you with a +0 whip. The orc priest closely misses you.
The orc hits you with a +0 club. The orc hits you but does no damage.
You barely miss the orc priest.
The orc priest is moderately wounded.
The orc hits you with a +0 whip.
The orc priest hits you but does no damage.
The orc hits you with a +0 dagger. The orc hits you with a +0 club.
You hit the orc priest.
The orc priest looks even sicker.
The orc priest is severely wounded.
The orc hits you but does no damage.
The orc priest looks satisfied for a moment.
The orc hits you with a +0 club. The orc barely misses you.
The orc hits you with a +0 whip.
* * * LOW HITPOINT WARNING * * *
You hit the orc priest.
The orc priest looks as sick as possible!
The orc priest is almost dead.
You kill the orc!
The orc priest hits you with a +0 flail.
* * * LOW HITPOINT WARNING * * *
The orc hits you with a +0 club.
* * * LOW HITPOINT WARNING * * *
The orc hits you with a +0 whip.
* * * LOW HITPOINT WARNING * * *
The orc priest hits you with a +0 flail.
* * * LOW HITPOINT WARNING * * *
It was a potion of attraction.
You feel attractive to monsters.
You kill the orc priest!
The orc hits you with a +0 club.
You die...

#....### '......## ...
#.......## ..# #
####.....## ..#.# # ##
###....######.#.###.# .#
###...##.....#>..... ##
Sh##....#...........#
#.B. ##...#....oo.....#
#$? #...#....@)......
###### #...#....!)....##
.....# ##'##............
##...####.....###....###
##...##.......# ......
...# #.......# .......
#### #.......# ....... #
................... #
###.......### ####


You could see 2 orcs.

Vanquished Creatures
  An orc priest (D:3)
  Jessica (D:2)
  Terence (D:2)
  Robin (D:3)
  An adder (D:2)
  2 worms (D:2)
  An orc (D:3)
  4 bats
  2 endoplasms (D:1)
  3 giant cockroaches
  10 goblins
  8 hobgoblins
  2 ball pythons
  3 frilled lizards (D:2)
  4 kobolds
  4 rats
48 creatures vanquished.

Notes
Turn   | Place    | Note
-------+----------+-------------------------------------------
     0 | D:1      | Shayle the Ogre Warper began the quest for the Orb.
     0 | D:1      | Reached XP level 1. HP: 22/22 MP: 3/3
   376 | D:1      | Reached skill level 3 in Fighting
   376 | D:1      | Reached XP level 2. HP: 25/31 MP: 5/5
  1195 | D:2      | Noticed Terence
  1202 | D:2      | Killed Terence
  1203 | D:2      | Reached XP level 3. HP: 26/37 MP: 5/7
  1208 | D:2      | Learned a level 2 spell: Blink
  1212 | D:2      | Learned a level 3 spell: Teleport Other
  1394 | D:2      | Noticed Jessica
  1408 | D:2      | Killed Jessica
  1409 | D:2      | Reached XP level 4. HP: 11/48 MP: 9/9
  1651 | D:2      | Found a faded altar of an unknown god.
  1673 | D:2      | Reached skill level 4 in Fighting
  1688 | D:2      | Noticed Robin
  1958 | D:3      | Killed Robin
  2648 | D:2      | Reached XP level 5. HP: 41/55 MP: 10/10
  2891 | D:2      | Found a runed translucent door.
  2892 | D:2      | Noticed Crazy Yiuf
  3249 | D:3      | HP: 1/55 [orc priest (6)]
  3250 | D:3      | Slain by an orc

Illustrated notes

Levels and vault maps discovered:
D:1:      dpeg_arrival_court, layout_loops_ring, serial_forest,
          infiniplex_forest_straight_5, infiniplex_forest_fountain,
          infiniplex_forest_corner_2, infiniplex_forest_clump_medium,
          infiniplex_forest_clump_diagonal, infiniplex_forest_clump_small,
          infiniplex_forest_lined_room_2
D:2:      layout_basic, shapermc_ecumenical_altar_totnotflames,
          hangedman_decor_opposing, minmay_misc_feat_rows, uniq_robin,
          uniq_jessica, uniq_crazy_yiuf_cottage, uniq_terence
D:3:      kennysheep_six_static_rooms, layout_basic, elyvilon_altar_5,
          lightli_corner_chamber

Skill      XL: |  1  2  3  4 |
---------------+-------------+-----
Fighting       | 3 4 |  4.4
Spellcasting   | 3 |  3.8
Polearms       | 3 |  3.3
Throwing       | |  1.0
Dodging        | |  2.1
Translocations | |  2.6

Action                   |  1- 3 |  4- 6 || total
-------------------------+-------+-------++-------
Melee: Whip              |    67 |    86 ||   153
       Spear             |     3 |       ||     3
  Use: Potion            |       |     1 ||     1
Armor: Robe              |    20 |    26 ||    46
Dodge: Dodged            |    40 |    46 ||    86

Table legend: (Time is in decaauts)
 A = Elapsed time spent in this place.
 B = Non-inter-level travel time spent in this place.
 C = Inter-level travel time spent in this place.
 D = Time resting spent in this place.
 E = Time spent auto-exploring this place.
 F = Levels seen in this place.
 G = Mean time per level.
                   A        B        C        D        E       F      G
               +--------+--------+--------+--------+--------+-----+--------+
         Total |   3267 |   3191 |     76 |    439 |   2266 |   3 | 1089.0 |
       Dungeon |   3267 |   3191 |     76 |    439 |   2266 |   3 | 1089.0 |
               +--------+--------+--------+--------+--------+-----+--------+

Top non-repeatable levels by time:
     D:2: 1630 daAuts
     D:1: 1150 daAuts
     D:3: 486 daAuts
